Map: Tropical Sacrifice

Players

Strategos - Winner!

  • Race: Protoss Protoss
  • League: Silver
  • Spawn Location: 7:00

TrouserWorm

  • Race: Terran Terran
  • League: Silver
  • Spawn Location: 1:00

VOD

Have the link to the VOD?

Description

Time

  • Played on: Oct. 29, 2022, 10 a.m.
  • Length: 39:31
Show
View Real Time Build Order
Export as new Build Order

Strategos Protoss - Winner!

Build Orders:  

Get SALT Encoding   

  12  0:01  Probe  
  13  0:13  Probe (Chrono Boost)  
  14  0:23  Pylon  
  14  0:27  Probe (Chrono Boost)  
  15  0:40  Pylon  
  15  0:48  Probe, Gateway  
  16  1:04  Forge  
  16  1:05  Probe  
  17  1:17  Probe  
  18  1:29  Probe  
  19  1:42  Cybernetics Core  
  19  1:45  Photon Cannon  
  19  1:48  Probe  
  19  1:51  Assimilator  
  20  1:55  Photon Cannon  
  20  1:57  Assimilator  
  20  2:22  Nexus  
  20  2:27  Probe  
  21  2:31  Pylon  
  21  2:43  Probe  
  22  2:50  Adept  
  24  2:53  Warp Gate  
  24  2:58  Photon Cannon  
  24  3:02  Probe  
  25  3:19  Adept  
  25  3:23  Shield Battery  
  25  3:25  Shield Battery  
  27  3:28  Probe  
  28  3:57  Nexus  
  28  4:06  Probe (Chrono Boost)  
  28  4:07  Probe (Chrono Boost)  
  30  4:16  Probe x2 (Chrono Boost)  
  32  4:20  Pylon  
  32  4:22  Pylon  
  32  4:29  Probe  
  33  4:31  Probe  
  33  4:32  Pylon  
  34  4:39  Pylon  
  34  4:47  Pylon  
  34  4:55  Robotics Facility, Probe  
  35  5:05  Twilight Council  
  35  5:15  Pylon  
  35  5:18  Photon Cannon  
  35  5:28  Zealot  
  32  5:39  Gateway  
  31  5:43  Gateway  
  29  5:53  Photon Cannon x2  
  29  5:56  Shield Battery  
  29  6:05  Photon Cannon  
  29  6:12  Gateway  
  29  6:19  Photon Cannon  
  29  6:22  Pylon  
  29  6:33  Photon Cannon  
  29  6:39  Zealot  
  31  6:40  Zealot  
  33  6:48  Cybernetics Core  
  33  7:07  Photon Cannon  
  33  7:20  Probe  
  33  7:21  Probe  
  35  7:28  Nexus  
  35  7:32  Probe  
  35  7:35  Robotics Facility  
  36  7:39  Twilight Council  
  36  7:42  Probe  
  37  7:45  Probe  
  38  7:52  Pylon  
  38  7:54  Probe  
  38  7:57  Probe  
  40  8:06  Probe  
  40  8:10  Probe  
  40  8:12  Photon Cannon  
  42  8:15  Photon Cannon  
  42  8:18  Probe  
  43  8:22  Probe  
  44  8:27  Photon Cannon  
  44  8:29  Shield Battery  
  44  8:32  Probe  
  45  8:41  Shield Battery  
  45  8:43  Shield Battery  
  45  8:44  Charge  
  45  8:47  Protoss Ground Weapons Level 1  
  45  8:57  Forge  
  45  8:58  Observer  
  46  9:05  Photon Cannon  
  46  9:08  Zealot  
  46  9:09  Zealot  
  50  9:15  Assimilator  
  50  9:16  Assimilator, Probe  
  51  9:20  Observer  
  52  9:27  Probe x2  
  52  9:28  Probe  
  55  9:39  Probe x2  
  55  9:40  Probe  
  55  9:41  Observer  
  55  9:45  Zealot x2  
  63  9:46  Zealot x2  
  63  9:51  Probe  
  59  9:58  Gateway  
  59  9:59  Gateway  
  58  10:04  Pylon  
  58  10:07  Pylon  
  48  10:27  Pylon, Zealot x2  
  48  10:28  Zealot x2  
  55  10:38  Photon Cannon  
  55  10:42  Shield Battery  
  55  11:00  Protoss Ground Armor Level 1  
  55  11:03  Protoss Ground Weapons Level 2  
  55  11:15  Pylon  
  55  11:17  Pylon  
  55  11:21  Robotics Bay  
  55  11:28  Robotics Facility  
  55  11:31  Robotics Facility  
  55  11:36  Robotics Facility  
  55  11:38  Nexus  
  55  11:41  Robotics Facility  
  55  11:44  Pylon  
  55  12:09  Colossus  
  55  12:15  Colossus  
  67  12:22  Colossus  
  72  12:29  Pylon  
  72  12:37  Photon Cannon  
  72  12:38  Photon Cannon  
  72  12:40  Photon Cannon  
  72  12:41  Probe  
  73  12:45  Stalker  
  75  12:59  Probe x3  
  75  13:03  Photon Cannon  
  78  13:07  Shield Battery  
  78  13:11  Shield Battery, Probe  
  79  13:14  Stalker  
  79  13:17  Stalker  
  83  13:22  Blink  
  83  13:27  Zealot  
  85  13:35  Probe x2  
  85  13:36  Probe  
  88  13:56  Protoss Ground Armor Level 2 (Chrono Boost)  
  88  13:58  Immortal x2  
  88  14:00  Protoss Ground Weapons Level 3 (Chrono Boost)  
  96  14:16  Pylon  
  96  14:18  Pylon  
  96  14:19  Photon Cannon  
  96  14:24  Pylon  
  96  14:32  Templar Archives  
  96  14:36  Colossus, Photon Cannon  
  102  14:41  Immortal  
  106  14:45  Stalker  
  106  14:50  Probe  
  109  14:53  Assimilator  
  109  14:55  Assimilator  
  109  15:02  Probe  
  110  15:17  Nexus  
  108  15:34  Stalker x2  
  108  15:35  Zealot  
  94  15:36  Zealot x2  
  94  15:37  Stalker  
  100  15:47  Colossus  
  106  15:59  Shield Battery  
  106  16:01  Shield Battery  
  106  16:02  Shield Battery  
  106  16:09  Extended Thermal Lance  
  78  16:53  Stalker x2  
  78  16:54  Stalker x2  
  72  16:55  Stalker  
  66  17:06  Probe  
  66  17:07  Probe x2  
  57  17:18  Probe  
  57  17:19  Probe x2  
  56  17:31  Probe  
  56  17:35  Pylon  
  55  17:46  Photon Cannon  
  55  17:47  Photon Cannon  
  56  17:51  Probe  
  56  17:52  Probe  
  57  18:03  Probe  
  58  18:15  Probe x3  
  61  18:26  Pylon  
  61  18:27  Probe x3  
  61  18:29  Colossus  
  70  18:41  Probe x2  
  71  18:42  Probe  
  73  18:52  Zealot  
  73  18:53  Zealot x2  
  79  18:56  Protoss Ground Armor Level 3  
  79  18:59  Protoss Shields Level 1  
  44  19:55  Stalker  
  44  19:56  Stalker x2  
  44  19:57  Stalker  
  44  19:58  Stalker x2  
  55  20:12  Colossus  
  55  20:13  Colossus x2  
  67  20:14  Colossus  
  79  20:36  Colossus  
  79  20:40  Zealot x2  
  79  20:41  Zealot x2  
  79  20:42  Zealot x2  
  97  21:01  Stalker  
  97  21:02  Stalker  
  97  21:03  Zealot  
  97  21:04  Zealot x2  
  105  21:05  Zealot  
  109  21:36  Nexus  
  109  21:47  Nexus  
  99  22:25  Zealot x2  
  99  22:26  Zealot x2  
  99  22:27  Zealot  
  105  23:02  Pylon  
  105  23:11  Pylon  
  105  23:12  Pylon  
  105  23:13  Pylon  
  105  23:14  Probe  
  106  23:26  Probe  
  107  23:31  Photon Cannon  
  107  23:33  Photon Cannon x2  
  107  23:38  Probe  
  102  23:50  Probe  
  99  24:20  Pylon  
  99  24:21  Pylon  
  99  24:28  Gateway  
  99  24:33  Gateway  
  99  24:35  Gateway  
  99  24:44  Forge  
  99  24:46  Forge  
  99  24:48  Forge  
  83  25:31  Photon Cannon  
  82  25:39  Photon Cannon  
  82  25:44  Zealot  
  82  25:45  Zealot  
  82  25:46  Zealot  
  82  26:12  Zealot  
  82  26:13  Zealot  
  82  26:14  Zealot  
  69  26:52  Cybernetics Core  
  69  27:09  Probe (Chrono Boost)  
  70  27:21  Probe (Chrono Boost)  
  71  27:28  Probe (Chrono Boost)  
  72  27:32  Stalker  
  72  27:33  Stalker x2  
  72  27:36  Probe, Gateway  
  79  27:37  Gateway  
  79  27:38  Gateway  
  79  28:05  Zealot x3  
  85  28:20  Probe  
  86  28:32  Probe  
  87  28:35  Twilight Council  
  87  28:38  Probe  
  87  28:41  Pylon  
  88  28:44  Probe  
  89  28:50  Probe  
  90  28:56  Probe  
  91  29:03  Probe  
  91  29:07  Pylon  
  91  29:08  Probe  
  91  29:09  Stalker  
  95  29:10  Pylon, Stalker x2  
  95  29:11  Stalker, Zealot  
  95  29:12  Zealot  
  95  29:15  Probe  
  106  29:20  Probe  
  106  29:21  Assimilator  
  107  29:24  Assimilator  
  107  29:27  Probe  
  108  29:32  Probe  
  108  29:33  Pylon  
  108  29:36  Pylon  
  109  29:39  Probe  
  109  29:45  Probe  
  111  29:57  Probe  
  108  30:27  Stalker x2  
  108  30:28  Stalker  
  114  30:39  Robotics Facility  
  114  30:40  Robotics Facility  
  114  30:42  Assimilator  
  114  30:43  Robotics Facility  
  114  30:44  Assimilator  
  110  31:26  Photon Cannon x2  
  103  31:37  Stalker x3  
  103  31:38  Stalker  
  103  31:39  Stalker  
  113  31:45  Probe  
  114  31:47  Probe  
  114  31:53  Photon Cannon  
  115  31:55  Photon Cannon  
  115  31:57  Probe  
  115  31:59  Probe  
  117  32:06  Observer  
  118  32:09  Probe  
  118  32:11  Probe  
  120  32:21  Probe  
  121  32:23  Probe  
  121  32:27  Observer  
  121  32:28  Templar Archives  
  123  32:33  Observer  
  123  32:36  Probe  
  125  32:47  Probe  
  125  32:49  Observer  
  127  32:59  Probe  
  127  33:00  Stalker  
  127  33:01  Stalker x2  
  133  33:11  Probe  
  133  33:12  Photon Cannon  
  134  33:15  Photon Cannon  
  134  33:23  Probe  
  135  33:31  Photon Cannon  
  135  33:35  Probe  
  136  33:41  Nexus  
  136  33:44  High Templar  
  136  33:45  High Templar x3  
  136  33:46  High Templar x2  
  148  33:51  Immortal  
  152  33:56  Pylon  
  152  33:58  Archon x2  
  152  34:00  Archon  
  152  34:35  Nexus  
  152  34:37  Photon Cannon  
  152  34:39  Photon Cannon x2  
  152  34:40  Pylon  
  152  34:41  Pylon  
  152  34:55  Pylon  
  152  34:57  Pylon  
  152  34:59  Pylon  
  152  35:04  High Templar x3  
  152  35:05  High Templar x3  
  164  35:12  Protoss Shields Level 2  
  164  35:15  Archon x2  
  164  35:16  Archon  
  164  35:19  Probe  
  165  35:24  Assimilator  
  165  35:27  Assimilator  
  165  35:31  Probe  
  166  35:36  High Templar  
  166  35:37  High Templar x2  
  166  35:38  High Templar x2  
  176  35:43  Probe  
  135  36:30  Stargate x2  
  127  36:33  Stargate x2  
  127  36:35  Pylon  
  127  36:37  Probe  
  127  36:39  Pylon  
  112  36:49  Probe  
  111  37:01  Probe  
  106  37:09  Cybernetics Core  
  106  37:11  Cybernetics Core  
  106  37:13  Probe  
  107  37:17  Photon Cannon  
  107  37:19  Photon Cannon  
  107  37:22  Photon Cannon  
  106  37:25  Probe, Photon Cannon  
  106  37:26  Photon Cannon  
  97  37:58  Pylon  
  95  38:01  Fleet Beacon  
  95  38:04  Probe  
  96  38:10  Photon Cannon  
  96  38:11  Photon Cannon  
  96  38:12  Pylon  
  96  38:16  Probe  
  96  38:19  Probe  
  98  38:28  Probe  
  98  38:31  Probe  
  100  38:39  Photon Cannon  
  100  38:40  Probe  
  100  38:41  Photon Cannon  
  101  38:43  Probe  
  126  38:52  Probe  
  127  38:56  Probe  
  128  39:04  Probe  
  128  39:08  Probe  
Show
View Real Time Build Order
Export as new Build Order

TrouserWorm Terran 

Build Orders:  

Get SALT Encoding   

  12  0:01  SCV  
  13  0:26  Supply Depot  
  13  0:27  SCV  
  14  0:39  SCV  
  15  0:51  SCV  
  16  1:03  SCV  
  17  1:15  SCV  
  18  1:42  SCV, Barracks  
  18  1:43  Barracks  
  18  1:46  Command Center  
  20  1:54  SCV  
  20  2:06  SCV, Supply Depot  
  21  2:18  SCV  
  22  2:30  SCV  
  22  2:34  Marine x2  
  25  2:47  SCV, Supply Depot  
  26  2:51  Marine x2  
  28  2:59  SCV  
  28  3:00  SCV  
  30  3:09  Marine x2  
  30  3:11  SCV  
  30  3:12  SCV  
  34  3:24  SCV x2  
  36  3:27  Marine x2  
  36  3:29  Refinery  
  36  3:30  Refinery  
  38  3:36  SCV x2  
  38  3:39  Engineering Bay  
  40  3:45  Marine x2  
  40  3:48  SCV x2  
  44  4:00  SCV x2  
  46  4:05  Barracks Tech Lab  
  46  4:12  SCV  
  46  4:13  SCV  
  48  4:26  Orbital Command x2  
  48  4:28  Barracks Tech Lab  
  48  4:39  Missile Turret  
  48  4:50  Hi-Sec Auto Tracking  
  48  4:56  Missile Turret  
  48  4:58  Stimpack  
  48  5:01  Missile Turret, Marauder  
  48  5:02  Marine  
  51  5:19  Marine  
  50  5:22  Missile Turret  
  45  6:19  Marauder x2  
  49  6:40  Marauder x2  
  38  7:02  Marauder x2  
  33  7:23  Marine, Marauder  
  33  7:25  SCV x2  
  38  7:33  Barracks  
  38  7:34  Barracks  
  38  7:37  Combat Shield, Concussive Shells, SCV x2  
  38  7:40  Marine  
  41  7:44  Marauder  
  41  7:49  SCV x2  
  45  7:59  Marauder  
  45  8:01  SCV x2  
  49  8:06  Marauder  
  51  8:13  SCV x2  
  51  8:17  Terran Infantry Weapons Level 1  
  53  8:24  Barracks Tech Lab  
  53  8:25  SCV  
  54  8:30  Barracks Tech Lab  
  54  8:39  SCV x2  
  54  8:40  Marauder x2  
  60  8:43  Supply Depot  
  60  8:45  Supply Depot  
  60  8:52  SCV x2  
  62  9:04  SCV x2  
  64  9:28  Factory  
  62  9:45  Orbital Command  
  56  9:55  Marauder x2  
  56  9:56  Marauder x2  
  64  10:11  Terran Infantry Armor Level 1  
  59  10:16  Marine x3  
  59  10:17  Marauder  
  63  10:34  Marine x2  
  54  10:42  Marine  
  39  10:43  Marine  
  39  10:46  Factory Reactor  
  41  10:52  Marine x2, SCV  
  44  11:04  SCV  
  44  11:10  Starport  
  45  11:16  SCV  
  46  11:22  Starport  
  46  11:28  Marine x3, SCV  
  46  11:29  Marine  
  51  11:40  SCV  
  51  11:46  Marine  
  53  11:59  Medivac  
  53  12:00  Medivac x2  
  59  12:05  Marine x3  
  59  12:06  Marine  
  63  12:09  Factory Tech Lab  
  63  12:15  Supply Depot  
  63  12:23  Marine x4  
  63  12:29  Medivac  
  69  12:30  Medivac  
  71  12:41  Marine, Marauder  
  71  12:42  Marauder x2, Siege Tank  
  81  12:46  Starport Reactor  
  81  12:59  Refinery  
  81  13:00  Refinery  
  81  13:14  Siege Tank  
  84  13:26  Medivac x2  
  88  13:28  Marauder x3  
  94  13:46  Command Center  
  94  13:47  Marine  
  85  13:49  Marine x2  
  87  14:04  Supply Depot  
  87  14:05  Marine  
  88  14:25  Marauder x2  
  88  14:26  Marauder x2  
  88  14:28  Supply Depot  
  96  14:47  Marauder x2  
  96  14:50  Supply Depot  
  100  15:18  Refinery  
  98  15:43  Refinery  
  98  15:53  Orbital Command  
  98  16:02  SCV  
  99  16:13  Marauder x2  
  99  16:14  SCV, Marauder x2  
  108  16:26  SCV  
  100  16:34  Marine x2  
  100  16:38  SCV  
  86  16:50  SCV  
  75  17:29  Liberator x2  
  77  17:30  Medivac  
  73  17:40  SCV  
  74  17:51  Marauder x2  
  78  17:52  Marine  
  78  17:53  SCV  
  80  18:10  Marine x2  
  80  18:11  Marine  
  80  18:12  Marine  
  84  18:28  Marine x2  
  84  18:29  Marine  
  84  18:33  Fusion Core  
  87  18:43  Marauder  
  87  18:46  Marauder x2  
  87  18:48  Marauder  
  95  19:02  SCV  
  96  19:05  Marauder  
  96  19:07  Marine  
  96  19:08  Marine, Marauder  
  102  19:14  SCV  
  103  19:26  SCV  
  87  19:38  SCV  
  72  19:43  Medivac x2  
  72  19:45  Marauder x4  
  81  19:50  SCV  
  82  20:06  Marauder x2  
  86  20:09  Rapid Reignition System  
  86  20:28  Orbital Command  
  86  20:46  Marauder x4  
  94  20:57  SCV x3  
  97  21:06  Advanced Ballistics  
  97  21:07  Medivac, Marauder x3  
  97  21:08  Medivac x2, Marauder  
  97  21:09  Medivac, SCV x3  
  116  21:21  SCV  
  117  21:28  Marine x2  
  117  21:29  Marauder x2  
  123  21:46  Marine x2  
  125  21:49  Marine  
  125  21:50  Marine  
  76  22:42  Starport  
  76  23:11  Starport Reactor  
  76  23:13  Starport Reactor  
  64  23:45  Barracks Tech Lab x2  
  54  23:59  Liberator  
  54  24:00  Liberator x3  
  59  24:13  Command Center  
  57  24:17  Factory  
  57  24:42  Missile Turret, Liberator  
  60  25:02  Missile Turret  
  57  25:22  Missile Turret  
  57  25:29  Command Center  
  29  26:41  Command Center  
  27  27:12  Orbital Command  
  27  27:23  Starport Reactor  
  27  27:38  Starport Reactor  
  27  27:41  Starport Reactor  
  24  28:04  Orbital Command  
  24  28:11  SCV, Supply Depot  
  25  28:23  SCV  
  26  28:34  Supply Depot  
  26  28:35  SCV  
  26  28:40  Orbital Command  
  27  28:48  SCV, Orbital Command  
  28  28:57  Bunker  
  28  29:00  Bunker, SCV  
  29  29:12  SCV  
  30  29:22  SCV  
  30  29:24  SCV  
  32  29:26  SCV  
  33  29:31  Bunker  
  33  29:34  SCV  
  33  29:36  SCV  
  35  29:39  SCV  
  35  29:45  Viking x2  
  38  29:46  Viking x2, SCV  
  38  29:48  SCV  
  38  29:51  SCV  
  47  29:58  SCV  
  48  30:00  SCV  
  49  30:11  SCV  
  49  30:12  SCV  
  51  30:15  Viking  
  51  30:16  Viking  
  59  30:24  SCV  
  60  30:31  Factory Tech Lab  
  46  31:09  Starport  
  46  31:10  Starport  
  46  31:13  Starport  
  42  31:45  Command Center  
  42  31:46  Command Center  
  42  31:59  Orbital Command  
  42  32:11  Starport Reactor x2  
  42  32:17  Starport Reactor  
  42  32:24  Barracks Tech Lab  
  42  32:42  Engineering Bay  
  42  32:50  Supply Depot  
  42  32:51  Supply Depot  
  42  32:56  Siege Tank  
  42  32:58  SCV  
  46  33:14  Supply Depot  
  46  33:26  Barracks  
  46  33:28  Siege Tank  
  49  33:39  Barracks  
  49  34:00  Siege Tank  
  50  34:13  Orbital Command  
  50  34:16  Barracks  
  50  34:19  Viking x2  
  50  34:20  Viking x4  
  58  34:33  Siege Tank  
  61  34:49  Viking x2  
  65  35:06  Bunker  
  65  35:08  Bunker  
  65  35:14  Orbital Command  
  65  35:19  Orbital Command  
  65  35:24  Refinery  
  65  35:26  Refinery  
  17  37:48  Orbital Command  
  13  39:06  SCV  
  14  39:12  Starport Tech Lab x2  
  14  39:14  Starport Tech Lab  
  14  39:18  SCV  
Tags
 
Add a new tag
Caveats
  • Supply blocks, unpowered buildings, or Contaminate may cause inaccurate times.
  • Supply counts are checked every 10 seconds.